 Dungeon Crawl Stone Soup version 0.30.1-11-g7821555f0a (webtiles) character file.

Game seed: 11796671936043227985

83 booth the Chopper (level 4, -12/37 HPs)
             Began as a Demonspawn Monk on Dec 28, 2023.
             Was a Priest of Qazlal.
             Mangled by a gnoll
             ... wielding a +0 halberd of protection
              (15 damage)
             ... on level 3 of the Dungeon.
             The game lasted 00:13:37 (2102 turns).

booth the Chopper (Demonspawn Monk)                 Turns: 2102, Time: 00:13:38

Health: -12/37     AC:  4    Str: 13    XL:     4   Next: 22%
Magic:  4/4        EV: 12    Int: 12    God:    Qazlal [***...]
Gold:   53         SH:  4    Dex: 15    Spells: 3/3 levels left

rFire   . . .        a - +0 hand axe
rCold   . . .        d - orb {light}
rNeg    . . .        p - +0 leather armour
rPois   .            o - +0 helmet
rElec   .            (no cloak)
rCorr   .            (no gloves)
SInv    .            (no boots)
Will    .....        (no amulet)
Stlth   +            (no ring)
HPRegen 0.26/turn    (no ring)
MPRegen 0.18/turn

%: no passive effects
@: glowing
A: magic regeneration, weakness stinger 1
a: Renounce Religion, Upheaval, Elemental Force


You were on level 3 of the Dungeon.
You worshipped Qazlal.
Qazlal was most pleased with you.
You visited 1 branch of the dungeon, and saw 3 of its levels.

You collected 53 gold pieces.

Inventory:

Hand Weapons
 a - a +0 hand axe (weapon)
Missiles
 f - 3 boomerangs (quivered)
 l - 4 poisoned darts
 t - 3 javelins
Armour
 d - an orb of light (worn)
 o - a +0 helmet (worn)
 p - a +0 leather armour (worn)
Scrolls
 b - a scroll of teleportation
 h - a scroll of torment
 i - 2 scrolls of fog
 j - 2 scrolls of magic mapping {unknown}
 r - a scroll of immolation {unknown}
Potions
 c - 2 potions of ambrosia
 e - a potion of flight
 g - a potion of berserk rage
 k - a potion of attraction {unknown}
 n - a potion of degeneration {unknown}
 q - 2 potions of curing
 s - a potion of haste


   Skills:
 + Level 3.8 Fighting
 * Level 4.1 Axes
 - Level 2.7 Dodging


You had 3 spell levels left.
You didn't know any spells.
Your spell library contained the following spells:

 Spells                   Type           Power      Damage    Failure   Level
 Slow                     Hex            0%         N/A       38%         1
 Confusing Touch          Hex            0%         N/A       77%         3
 Vampiric Draining        Necr           0%         2d6       77%         3


Dungeon Overview and Level Annotations

Branches:
Dungeon (3/15)

Altars:
Qazlal
Wu Jian

Shops:
D:2 ?**!


Innate Abilities, Weirdness & Mutations

You regenerate magic rapidly.
You have a small tail.


Message History

You can access your shopping list by pressing '$'.
You now have 53 gold pieces (gained 8).
A bat comes into view.
The bat moves out of view.
You hear a shout!
You hear a shout! x2
A gnoll comes into view. It is wielding a +0 spear.
You completely miss the bat. The bat barely misses you.
The bat is engulfed in a thunderstorm.
You kill the bat!
Qazlal accepts your kill.
You hear a shout!
The gnoll closely misses you.
You see here a bat corpse.
A gnoll comes into view. It is wielding a +0 halberd.
The gnoll shouts!
The gnoll closely misses you.
A gnoll comes into view.
It is wielding a +0 halberd of protection.
The gnoll shouts!
The gnoll closely misses you.
Found a potion of curing.
The gnoll closely misses you. The gnoll hits you with a +0 spear.
You hit the gnoll.
The gnoll is lightly wounded.
The gnoll barely misses you. The gnoll hits you with a +0 spear.
The gnoll hits you from afar with a +0 halberd!
You block the gnoll's attack. The gnoll closely misses you.
The gnoll barely misses you. The gnoll hits you with a +0 spear.
You barely miss the gnoll. You hit the gnoll. You block the gnoll's attack.
The gnoll misses you.
You hit the gnoll but do no damage. You barely miss the gnoll.
The gnoll hits you from afar with a +0 halberd of protection.
The gnoll hits you with a +0 halberd!
* * * LOW HITPOINT WARNING * * *
The gnoll hits you with a +0 spear.
* * * LOW HITPOINT WARNING * * *
The gnoll hits you but does no damage. The gnoll barely misses you.
The gnoll hits you from afar with a +0 halberd of protection!
You die...

#.# #.# #.# #.#
##.# #####.†###
#........#
#.......g###.###
#..♣....@.g.....
#..♣♣.°§g###..#.
#. ♣.....# #
#...♣♣♣..# #
.!.. .... # ...
.....# # ...
.....# #######


You could see 3 gnolls.

Vanquished Creatures
  3 adders
  2 dart slugs
  6 endoplasms
  3 giant cockroaches
  4 goblins
  2 hobgoblins
  2 jackals (D:1)
  4 kobolds
  2 quokkas
  3 ball pythons
  3 bats
  4 frilled lizards
  16 rats
54 creatures vanquished.

Notes
Turn   | Place    | Note
-------+----------+-------------------------------------------
     0 | D:1      | booth the Demonspawn Monk began the quest for the Orb.
     0 | D:1      | Reached XP level 1. HP: 18/18 MP: 1/1
   225 | D:1      | Reached skill level 3 in Axes
   236 | D:1      | Found a faded altar of an unknown god.
   242 | D:1      | Prayed at the altar of an unknown god.
   242 | D:1      | Became a worshipper of Qazlal Stormbringer
   242 | D:1      | Reached * piety under Qazlal
   242 | D:1      | Reached ** piety under Qazlal
   263 | D:1      | Gained mutation: You have a small tail. [demonic ancestry]
   263 | D:1      | Reached XP level 2. HP: 19/24 MP: 2/2
   431 | D:1      | Reached *** piety under Qazlal
   970 | D:2      | Found Faest's Distillery.
  1007 | D:2      | Gained mutation: You regenerate magic rapidly. [demonic
                  | ancestry]
  1007 | D:2      | Reached XP level 3. HP: 26/29 MP: 3/3
  1036 | D:2      | Found Qotosk's Assorted Antiques.
  1107 | D:2      | Found an ornate altar of the Wu Jian Council.
  1113 | D:2      | Found Ebeogeih's Magic Scroll Emporium.
  1163 | D:2      | Found Ulinkez's Assorted Antiques.
  1507 | D:2      | Reached skill level 4 in Axes
  1681 | D:2      | Reached XP level 4. HP: 37/37 MP: 4/4
  2102 | D:3      | Mangled by a gnoll

Illustrated notes

Levels and vault maps discovered:
D:1:      psy_arrival_terrarium, layout_loops_corners,
          shapermc_ecumenical_altar_venn, minmay_rat_gold_closets
D:2:      layout_basic, basic_altar, serial_shops, shop, shop, shop,
          nicolae_shop_waterfront
D:3:      kennysheep_big_flooded_room, layout_loops_ring,
          nicolae_overflow_crystal_walls, mainiacjoe_overflow_six_doors_small,
          chequers_garden, minmay_ruptured

Skill      XL: |  1  2  3 |
---------------+----------+-----
Axes           | 3 4 |  4.1
Fighting       | |  3.8
Dodging        | |  2.7

Action                     |  1- 3 |  4- 6 || total
---------------------------+-------+-------++-------
  Melee: Hand axe          |    97 |    15 ||   112
         Tailslap          |    14 |     2 ||    16
  Throw: Boomerang         |     1 |       ||     1
    Use: Scroll            |     4 |     4 ||     8
         Potion            |       |     3 ||     3
 Armour: Robe              |    13 |       ||    13
         Leather armour    |     1 |     3 ||     4
  Dodge: Dodged            |    54 |    15 ||    69
  Block: Orb               |    15 |     5 ||    20
